 Dungeon Crawl Stone Soup version 0.18.1-1-g2f07953 (webtiles) character file.

81 FitzyFitz the Sneak (level 4, -2/36 HPs)
             Began as a Naga Enchanter on May 6, 2016.
             Was a Follower of Sif Muna.
             Slain by a goblin (3 damage)
             ... led by Robin
             ... on level 2 of the Dungeon.
             The game lasted 00:08:06 (2365 turns).

FitzyFitz the Sneak (Naga Enchanter)                Turns: 2365, Time: 00:08:07

Health: -2/36      AC:  4    Str: 10    XL:     4   Next: 40%
Magic:  3/7        EV:  9    Int: 22    God:    Sif Muna [*.....]
Gold:   59         SH:  0    Dex: 11    Spells: 3 memorised, 1 level left

rFire  . . .     SeeInvis +     p - +1 short sword (elec)
rCold  . . .     Gourm    .     b - +1 robe
rNeg   . . .     Faith    .     (no shield)
rPois  +         Spirit   .     v - +0 hat
rElec  .         Dismiss  .     m - +0 cloak
rCorr  .         Reflect  .     (no gloves)
SustAt .         Harm     .     (no barding)
MR     .....                    (no amulet)
Stlth  +++.......               (no ring)
                                (no ring)

@: brilliant, very slightly contaminated, drained, very slow, not resistant to
hostile enchantments, fairly stealthy
A: see invisible, deformed body, poison resistance, slowness 2, slow metabolism
1, spit poison 2, AC +1
a: Spit Poison, Channel Energy, Renounce Religion


You were on level 2 of the Dungeon.
You worshipped Sif Muna.
Sif Muna was aware of your devotion.
You were not hungry.

You visited 1 branch of the dungeon, and saw 2 of its levels.

You collected 59 gold pieces.

Inventory:

Hand Weapons
 a - a +1 dagger
 g - a +0 hunting sling
 n - a +0 mace
 o - a +0 whip
 p - a +1 short sword of electrocution (weapon)
 q - a +2 whip of electrocution
 t - a +2 spear of flaming
 w - a +0 dagger of draining
Missiles
 h - 23 sling bullets
 i - 28 stones (quivered)
 j - 7 needles of sleeping
Armour
 b - a +1 robe (worn)
 m - a +0 cloak (worn)
 v - a +0 hat (worn)
Scrolls
 e - 5 scrolls of identify
 f - a scroll of noise
 k - a scroll of immolation {unknown}
 r - a scroll of teleportation {unknown}
Books
 c - a book of Maledictions

   Spells                             Type                      Level
   a - Corona                         Hexes                        1
   b - Ensorcelled Hibernation        Hexes/Ice                    2
   c - Confuse                        Hexes                        3
   d - Tukima's Dance                 Hexes                        3
   e - Dazzling Spray                 Conjuration/Hexes            3
Comestibles
 d - 3 bread rations
 s - a beef jerky
 u - 4 chunks of flesh


   Skills:
 + Level 2.4(1.5) Short Blades
 - Level 1.5(0.7) Dodging
 + Level 5.6(4.6) Stealth
 - Level 2.0(1.1) Spellcasting
 + Level 3.7(2.8) Hexes
 + Level 0.8(0.0) Ice Magic


You had one spell level left.
You knew the following spells:

 Your Spells              Type           Power        Failure   Level  Hunger
a - Corona                Hex            ####...      1%          1    ##.....
b - Ensorcelled Hibernat  Hex/Ice        ###...       1%          2    ###....
c - Confuse               Hex            ####....     1%          3    ####...


Dungeon Overview and Level Annotations

Branches:
Dungeon (2/15)

Altars:
Sif Muna
Trog

Annotations:
D:2 Robin


Innate Abilities, Weirdness & Mutations

You cannot wear boots.
Your serpentine skin is tough (AC +1).
You have supernaturally acute eyesight.
Armour fits poorly on your strangely shaped body.
Your system is resistant to poisons.
You cover ground very slowly.
You have a slow metabolism.
You can spit poison.


Message History

The goblin hits you.
You closely miss the goblin. The goblin hits you.
The goblin closely misses you.
You barely miss the goblin. The goblin hits you. The goblin misses you.
Robin points. "Kill!"
The goblin hits you.
* * * LOW HITPOINT WARNING * * *
The goblin hits you with a club.
* * * LOW HITPOINT WARNING * * *
The goblin closely misses you.
You hit the goblin.
There is a sudden explosion of sparks!
You kill the goblin!
The goblin no longer looks unusually strong. x3
The goblin closely misses you. The goblin hits you with a club.
* * * LOW HITPOINT WARNING * * *
The goblin barely misses you. x2
Robin throws the goblin at you! The goblin hits you.
* * * LOW HITPOINT WARNING * * *
The goblin hits you but does no damage. The goblin hits you.
You die...

#..................###
#.........)...<......)
#######...#..##....>.#####
#.........#...#.#..#.#
#..........#..#....#.#####
#........gg...............
#....†...g##.......#...###
####.#..ggg...##........##
#.†.##@##..............
#..###g####.......#....
##.# #.# ###.....#....
##.# #.# #..........
#..###.### #..........
#........# #..........
#....8...# #..#####.##
#...8.8..# #..# #.#
#..8._.8.# #..# ###.##


You could see Robin, a hobgoblin and 5 goblins.

Vanquished Creatures
  Terence (D:2)
  An ooze (D:1)
  A dart slug (D:1)
  A worm (D:2)
  A giant gecko (D:2)
  2 giant cockroaches (D:2)
  10 goblins
  3 hobgoblins (D:1)
  11 kobolds
  A quokka (D:2)
  A ball python (D:1)
  4 bats
  10 rats
47 creatures vanquished.

Notes
Turn   | Place    | Note
--------------------------------------------------------------
     0 | D:1      | FitzyFitz the Naga Enchanter began the quest for the Orb.
     0 | D:1      | Reached XP level 1. HP: 15/15 MP: 3/3
   307 | D:1      | Reached XP level 2. HP: 22/22 MP: 5/5
   807 | D:1      | Reached skill level 5 in Stealth
   981 | D:1      | Learned a level 2 spell: Ensorcelled Hibernation
   985 | D:1      | Reached XP level 3. HP: 20/28 MP: 6/6
  1419 | D:1      | Learned a level 3 spell: Confuse
  1843 | D:2      | Noticed Robin
  2102 | D:2      | Found a bloodstained altar of Trog.
  2106 | D:2      | Noticed Terence
  2156 | D:2      | Killed Terence
  2156 | D:2      | Reached XP level 4. HP: 22/36 MP: 0/7
  2223 | D:2      | Found a faded altar to an unknown god.
  2235 | D:2      | Became a worshipper of Sif Muna the Loreminder
  2235 | D:2      | Reached * piety under Sif Muna
  2365 | D:2      | HP: 1/36 [goblin[Robin] (1)]
  2365 | D:2      | Slain by a goblin

Skill      XL: |  1  2  3 |
---------------+----------+-----
Stealth        | 5 |  5.6
Short Blades   | 2 |  2.4
Dodging        | |  1.5
Spellcasting   | |  2.0
Hexes          | |  3.7
Ice Magic      | |  0.8

Action                   |  1- 3 |  4- 6 || total
-------------------------+-------+-------++-------
Melee: Dagger            |    35 |       ||    35
       Whip              |    13 |       ||    13
       Short sword       |    67 |    17 ||    84
Throw: Stone             |     3 |       ||     3
 Cast: Ensorcelled Hiber |     3 |       ||     3
       Confuse           |       |     3 ||     3
 Abil: Spit Poison       |     6 |     3 ||     9
  Use: Scroll            |       |     2 ||     2
       Potion            |       |     1 ||     1
 Stab: Sleeping          |     9 |       ||     9
  Eat: Chunk             |     3 |     1 ||     4
Armor: Robe              |    21 |    12 ||    33
Dodge: Dodged            |    61 |    18 ||    79
